 Dungeon Crawl Stone Soup version 0.26.1-11-gd32895ea62 (webtiles) character file.

Game seed: 6168320770645167618

101 Descartes the Magician (level 4, 0/24 HPs)
             Began as a Deep Elf Hedge Wizard on June 28, 2021.
             Slain by an orc
             ... wielding a +0 mace
              (7 damage)
             ... on level 3 of the Dungeon.
             The game lasted 00:04:20 (3019 turns).

Descartes the Magician (Deep Elf Hedge Wizard)      Turns: 3019, Time: 00:04:21

Health: 0/24       AC: 11    Str:  7    XL:     4   Next: 48%
Magic:  1/13       EV: 13    Int: 20    God:
Gold:   136        SH:  0    Dex: 14    Spells: 13/14 levels left

rFire    . . .     SeeInvis .   n - +1 spear (pain)
rCold    + . .     Faith    .   (no shield)
rNeg     . . .     Spirit   .   g - +0 leather armour
rPois    .         Reflect  .   r - +2 helmet
rElec    .         Harm     .   l - +0 cloak
rCorr    .         Rampage  .   (no gloves)
Will     .....                  (no boots)
Stlth    ++........             (no amulet)
HPRegen  0.08/turn              c - ring of protection from cold
MPRegen  0.13/turn              o - +4 ring of protection

@: no status effects
A: no striking features
a: no special abilities


You were on level 3 of the Dungeon.
You visited 1 branch of the dungeon, and saw 3 of its levels.

You collected 136 gold pieces.

Inventory:

Hand Weapons
 a - a +0 dagger
 k - a +0 vampiric short sword
 n - a +1 spear of pain (weapon)
 p - a +0 rapier
Missiles
 h - 22 arrows
 i - 18 bolts
 q - 52 stones
Armour
 g - a +0 leather armour (worn)
 l - a +0 cloak (worn)
 r - a +2 helmet (worn)
Jewellery
 c - a ring of protection from cold (left hand)
 e - an uncursed ring of wizardry
 o - a +4 ring of protection (right hand)
Potions
 b - 2 potions of lignification {unknown}
 d - a potion of curing {unknown}
 f - 2 potions of invisibility
 j - 3 potions of might
 m - a potion of attraction {unknown}


   Skills:
 + Level 3.8 Dodging
 - Level 2.4 Stealth
 + Level 5.5 Spellcasting
 + Level 2.8 Conjurations
 - Level 1.1 Summonings
 - Level 1.1 Translocations


You had 13 spell levels left.
You knew the following spells:

 Your Spells              Type           Power        Failure   Level
a - Magic Dart            Conj           68%          4%          1

Your spell library contained the following spells:

 Spells                   Type           Power        Failure   Level
 Blink                    Tloc           N/A          16%         2
 Call Imp                 Summ           9%           16%         2
 Slow                     Hex            5%           26%         2
 Conjure Flame            Conj/Fire      11%          28%         3
 Mephitic Cloud           Conj/Pois/Air  9%           32%         3


Dungeon Overview and Level Annotations

Branches:
Dungeon (3/15)

Altars:
Nemelex Xobeh
Okawaru
Qazlal
Sif Muna
Uskayaw
Vehumet
Yredelemnul


Message History

The orc is moderately wounded.
The orc barely misses you.
You hit the orc but do no damage.
The orc is moderately wounded.
You hit the orc but do no damage.
The orc is moderately wounded.
The orc hits you with a +0 mace!
* * * LOW HITPOINT WARNING * * *
You hit the orc but do no damage.
The orc is moderately wounded.
The orc closely misses you.
Casting: Magic Dart (safe; 4% risk of failure)
Confirm with . or Enter, or press ? or * to list all spells.
Aiming: Magic Dart (safe; 4% risk of failure)
Press: ? - help, Shift-Dir - straight line, f/p - orc
Aim: an orc, wielding a +0 mace and wearing a +0 scale mail (moderately wounded, 0% to evade)
The magic dart hits the orc but does no damage.
The orc is moderately wounded.
The orc hits you with a +0 mace!
You die...

# ## #........ #
#...........
#####.#
#.##.?......
......#
#.#....)....
......# #
#.#.)†..#
#####..# #.#.#.$#
# . #.#.#..######
..$.#...o........
#....@#..######
#######..# #..#
#..### #....#
#.##.########
#...........#
####.######.# #.#
#.#


You could see an orc.

Vanquished Creatures
  5 adders
  A worm (D:3)
  3 dart slugs
  3 leopard geckos
  A giant cockroach (D:2)
  9 goblins
  3 hobgoblins
  7 kobolds
  6 bats
  2 frilled lizards (D:1)
  7 rats
47 creatures vanquished.

Notes
Turn   | Place    | Note
-------+----------+-------------------------------------------
     0 | D:1      | Descartes the Deep Elf Hedge Wizard began the quest for the
                  | Orb.
     0 | D:1      | Reached XP level 1. HP: 10/10 MP: 7/7
   422 | D:1      | Reached XP level 2. HP: 15/15 MP: 4/9
  1481 | D:2      | Reached skill level 5 in Spellcasting
  1481 | D:2      | Reached XP level 3. HP: 19/19 MP: 5/11
  1598 | D:2      | Found a hide-covered altar of Uskayaw.
  1924 | D:2      | Found a radiant altar of Vehumet.
  1927 | D:2      | Found a basalt altar of Yredelemnul.
  1930 | D:2      | Found an iron altar of Okawaru.
  1933 | D:2      | Found a shimmering blue altar of Sif Muna.
  1963 | D:2      | Found a stormy altar of Qazlal.
  2119 | D:2      | Found a sparkling altar of Nemelex Xobeh.
  2248 | D:2      | Reached XP level 4. HP: 24/24 MP: 8/13
  2661 | D:3      | Found an iron altar of Okawaru.
  3019 | D:3      | Slain by an orc

Illustrated notes

Levels and vault maps discovered:
D:1:      minmay_arrival_wavy_path, layout_loops_ring
D:2:      layout_rooms, nemelex_xobeh_ov_fountains_minmay, lemuel_doored_altar,
          grunt_temple_overflow_cloverleaf, eat_drink_and_be_merry_uskayaw,
          corexii_item_surrounded_by_moat, minmay_misc_feat_tower
D:3:      layout_loops_ring, lemuel_crystal_altar, okawaru_metal_pillars_3

Skill      XL: |  1  2 |
---------------+-------+-----
Dodging        | 3 |  3.8
Conjurations   | 2 |  2.8
Spellcasting   | 5 |  5.5
Stealth        | |  2.4
Summonings     | |  1.1
Translocations | |  1.1

Action                   |  1- 3 |  4- 6 || total
-------------------------+-------+-------++-------
Melee: Spear             |     8 |     8 ||    16
 Cast: Magic Dart        |    96 |    36 ||   132
  Use: Scroll            |     2 |     3 ||     5
Armor: Leather armour    |    12 |     8 ||    20
Dodge: Dodged            |    18 |     9 ||    27
